Ice Dragons vs Demolitions
(R1)
Created - 12 février 2015 at 23:13
Goals
|
Ice Dragons |
0 |
1 |
1 |
2 |
Demolitions |
1 |
2 |
2 |
5 |
|
Shots
|
Ice Dragons |
7 |
11 |
17 |
35 |
Demolitions |
12 |
15 |
10 |
37 |
|
1st period
1. Demolitions , Darren Helm 16 (Konstantin Pushkarev) at 5:22
Penalties :
Brayden McNabb (Kin) for Hooking (Minor) at 3:14, Jeff Tambellini (Kin) for Holding (Minor) at 16:26, Spencer Machacek (Vic) for Hooking (Minor) at 18:41, Cal Clutterbuck (Kin) for Tripping (Minor) at 19:39
2nd period
2. Demolitions , Anthony Stewart 28 (T.J. Hensick, Kyle Cumiskey) at 0:16
3. Demolitions , Daniel Paille 28 (Anton Babchuk, T.J. Hensick) at 8:04
4. Ice Dragons , Mats Zuccarello 30 (Danny Syvret, Tyler Eckford) at 18:27
Penalties :
Boris Valabik (Kin) for Hooking (Minor) at 2:17, Jeff Tambellini (Kin) for Holding (Minor) at 10:05, John Mitchell (Kin) for Hooking (Minor) at 15:17
3rd period
5. Demolitions , Konstantin Pushkarev 8 (Andrew Campbell, Darren Helm) at 8:25
6. Demolitions , T.J. Hensick 35 (Daniel Paille) at 8:31
7. Ice Dragons , Alexander Radulov 11 (Boris Valabik) at 13:30
Penalties :
Kyle Cumiskey (Vic) for High sticking (Minor) at 0:29, T.J. Hensick (Vic) for Holding (Minor) at 15:19
Goalie Stats
Justin Pogge (Kin), 32 saves from 37 shots - (0,865), L, 16-9-6, 60:00 minutes
Brent Krahn (Vic), 33 saves from 35 shots - (0,943), W, 18-11-5, 60:00 minutes
Players Stats for Ice Dragons
Player Name G A P +/- PIM S H SB GA TA FO MP PP MP PK MP
------------------------------------------------------------------------------------
Alexander Radulov 1 0 1 0 0 1 0 0 1 2 0/2 16:44 2:36 0:00
Boris Valabik 0 1 1 -2 2 3 4 0 0 2 0/0 28:15 2:53 5:21
Brayden McNabb 0 0 0 -1 2 0 1 2 0 1 0/0 11:47 0:00 0:59
Bryan Bickell 0 0 0 -1 0 0 1 0 2 0 0/0 12:12 0:10 4:27
Cal Clutterbuck 0 0 0 0 2 2 0 0 0 1 1/1 15:08 2:09 0:00
Danny Syvret 0 1 1 -1 0 1 1 1 0 1 0/0 20:09 2:03 4:23
Jeff Tambellini 0 0 0 0 4 4 3 0 1 1 1/1 19:16 2:36 2:06
John Mitchell 0 0 0 -1 2 0 1 0 0 0 0/0 8:16 0:10 0:45
Jonathan Blum 0 0 0 0 0 1 0 1 0 0 0/0 11:09 0:00 0:15
Kevin Klein 0 0 0 -2 0 2 2 1 0 0 0/0 29:11 2:53 6:30
Kris Beech 0 0 0 -1 0 4 2 1 0 0 12/18 16:11 2:10 0:02
Marc-Antoine Pouliot 0 0 0 0 0 0 2 0 0 0 1/6 8:04 0:00 0:00
Mats Zuccarello 1 0 1 -1 0 2 1 1 0 0 1/2 12:00 0:00 3:19
Nigel Dawes 0 0 0 0 0 5 0 3 1 0 1/1 15:19 2:10 0:11
Niklas Sundstrom 0 0 0 -2 0 4 1 0 0 0 0/0 15:25 0:10 5:50
Patrick O'Sullivan 0 0 0 0 0 2 1 0 0 0 11/31 16:44 2:36 0:00
Samuel Groulx 0 0 0 0 0 0 0 0 0 0 0/0 0:00 0:00 0:00
Shean Donovan 0 0 0 -1 0 1 1 0 1 2 2/6 12:20 0:00 5:06
Tyler Eckford 0 1 1 -1 0 3 1 1 0 1 0/0 19:50 2:03 4:18
Players Stats for Demolitions
Player Name G A P +/- PIM S H SB GA TA FO MP PP MP PK MP
------------------------------------------------------------------------------------
Andrew Campbell 0 1 1 2 0 0 0 0 0 0 0/0 13:38 0:18 0:00
Anthony Stewart 1 0 1 2 0 3 1 0 0 0 1/1 23:32 5:40 2:45
Anton Babchuk 0 1 1 -1 0 0 1 1 2 0 0/0 20:33 4:43 2:27
Bobby Butler 0 0 0 -1 0 2 1 0 0 0 0/0 16:41 4:39 0:00
Brad Richardson 0 0 0 -1 0 3 1 1 1 1 0/1 17:10 4:39 0:29
Corban Knight 0 0 0 0 0 0 1 0 0 0 1/3 8:16 0:00 1:00
Daniel Paille 1 1 2 1 0 6 0 0 1 0 2/2 21:30 5:39 1:45
Darren Helm 1 1 2 2 0 4 0 0 0 0 2/5 10:43 0:34 0:23
Doug Janik 0 0 0 2 0 1 0 2 2 2 0/0 25:49 5:52 2:29
Jordan LaVallee 0 0 0 2 0 4 2 0 1 1 1/1 10:48 0:34 0:26
Konstantin Pushkarev 1 1 2 2 0 2 1 0 0 0 0/1 9:53 0:34 0:00
Kyle Cumiskey 0 1 1 2 2 0 2 0 0 0 0/0 26:59 6:10 1:26
Peter Harrold 0 0 0 -1 0 1 0 1 2 0 0/0 20:33 4:43 2:27
Petr Vrana 0 0 0 0 0 1 1 1 0 1 1/1 8:30 0:00 1:16
Robert Bortuzzo 0 0 0 2 0 1 0 0 1 0 0/0 12:29 0:00 1:03
Samuel Pahlsson 0 0 0 -1 0 2 1 0 1 0 3/7 16:41 4:39 0:00
Spencer Machacek 0 0 0 0 2 1 2 0 0 1 0/0 7:14 0:01 0:00
T.J. Hensick 1 2 3 2 2 6 2 0 0 0 27/46 23:01 5:40 1:48
3 Stars
1 - T.J. Hensick (Vic)
2 - Konstantin Pushkarev (Vic)
3 - Darren Helm (Vic)
Power Play
Ice Dragons - 0 on 3 Attempt(s) - 0,00%
Demolitions - 0 on 6 Attempt(s) - 0,00%
Penalty Kill
Ice Dragons - 6 on 6 Attempt(s) - 100,00%
- Score 0 goal in Penalty Kill
Demolitions - 3 on 3 Attempt(s) - 100,00%
- Score 0 goal in Penalty Kill
Team Stat
Ice Dragons - Hits : 22 - Faceoff Wins : 30 - Blocked Shots : 11 - Penalty Minutes : 12
Demolitions - Hits : 16 - Faceoff Wins : 38 - Blocked Shots : 6 - Penalty Minutes : 6
Official
Referees : Ciamaga Chris and Morton Dean
Linesman : Michel Cormier and Scott Cherrey
Game Notes
No Game Note
Finance
Level 1 -- Attendance: 1564 (78,20%) -- Ticket Income 54 740 $
Level 2 -- Attendance: 773 (77,30%) -- Ticket Income 11 595 $
Total Attendance: 2337 (77,90%)
Total Ticket Income: 66 335 $
Other Income: 3 317 $
Total Income: 69 652 $
Ice Dragons
5 vs 5 Forward
Center Left Wing Right Wing Time % Phy DF OF
1 Patrick O'Sullivan Jeff Tambellini Alexander Radulov 40 0 2 3
2 Kris Beech Nigel Dawes Cal Clutterbuck 30 0 2 3
3 Marc-Antoine Pouliot Mats Zuccarello Niklas Sundstrom 20 0 2 3
4 John Mitchell Bryan Bickell Shean Donovan 10 0 2 3
5 vs 5 Defense
Defense Defense Time % Phy DF OF
1 Boris Valabik Kevin Klein 40 0 2 3
2 Danny Syvret Tyler Eckford 30 0 2 3
3 Jonathan Blum Brayden McNabb 20 0 3 2
4 Danny Syvret Tyler Eckford 10 1 3 1
PowerPlay Forward
Center Left Wing Right Wing Time % Phy DF OF
1 Patrick O'Sullivan Jeff Tambellini Alexander Radulov 60 1 1 3
2 Kris Beech Nigel Dawes Cal Clutterbuck 40 1 1 3
PowerPlay Defense
Defense Defense Time % Phy DF OF
1 Boris Valabik Kevin Klein 60 1 1 3
2 Danny Syvret Tyler Eckford 40 1 1 3
Penalty Kill 4 Players Forward
Center Wing Time % Phy DF OF
1 Shean Donovan Niklas Sundstrom 60 1 4 0
2 Jeff Tambellini Bryan Bickell 40 1 4 0
Penalty Kill 4 Players Defense
Defense Defense Time % Phy DF OF
1 Boris Valabik Kevin Klein 60 1 4 0
2 Danny Syvret Tyler Eckford 40 1 4 0
Penalty Kill - 3 Players Forward
Forward Time % Phy DF OF
1 Shean Donovan 60 1 4 0
2 Niklas Sundstrom 40 1 4 0
Penalty Kill - 3 Players Defense
Defense Defense Time % Phy DF OF
1 Boris Valabik Kevin Klein 60 1 4 0
2 Danny Syvret Tyler Eckford 40 1 4 0
4 vs 4 Forward
Center Wing Time % Phy DF OF
1 Kris Beech Niklas Sundstrom 60 0 2 3
2 John Mitchell Alexander Radulov 40 0 2 3
4 vs 4 Defense
Defense Defense Time % Phy DF OF
1 Boris Valabik Kevin Klein 60 0 2 3
2 Danny Syvret Tyler Eckford 40 0 2 3
Last Minutes Offensive
Center Left Wing Right Wing Defense Defense
Patrick O'Sullivan Jeff Tambellini Alexander Radulov Boris Valabik Kevin Klein
Last Minutes Defensive
Center Left Wing Right Wing Defense Defense
Kris Beech Jeff Tambellini Shean Donovan Boris Valabik Kevin Klein
Goaltenders
Starting : Justin Pogge
Backup : Anders Nilsson
Extra Forwards
Normal : Kris Beech, Cal Clutterbuck, Mats Zuccarello - PP : Kris Beech, Cal Clutterbuck - PK : Mats Zuccarello
Extra Defensemen
Normal : Jonathan Blum, Brayden McNabb, Tyler Eckford - PP : Jonathan Blum - PK : Brayden McNabb, Jonathan Blum
Penalty Shots
Nigel Dawes, Niklas Sundstrom, Jeff Tambellini, Patrick O'Sullivan, Shean Donovan
Demolitions
5 vs 5 Forward
Center Left Wing Right Wing Time % Phy DF OF
1 T.J. Hensick Daniel Paille Anthony Stewart 40 1 2 2
2 Samuel Pahlsson Bobby Butler Brad Richardson 30 1 2 2
3 Darren Helm Jordan LaVallee Konstantin Pushkarev 20 1 2 2
4 Corban Knight Petr Vrana Spencer Machacek 10 1 2 2
5 vs 5 Defense
Defense Defense Time % Phy DF OF
1 Kyle Cumiskey Doug Janik 40 1 2 2
2 Anton Babchuk Peter Harrold 30 1 2 2
3 Andrew Campbell Robert Bortuzzo 20 1 2 2
4 Kyle Cumiskey Doug Janik 10 1 2 2
PowerPlay Forward
Center Left Wing Right Wing Time % Phy DF OF
1 T.J. Hensick Daniel Paille Anthony Stewart 60 1 2 2
2 Samuel Pahlsson Bobby Butler Brad Richardson 40 1 2 2
PowerPlay Defense
Defense Defense Time % Phy DF OF
1 Kyle Cumiskey Doug Janik 60 1 2 2
2 Anton Babchuk Peter Harrold 40 1 2 2
Penalty Kill 4 Players Forward
Center Wing Time % Phy DF OF
1 T.J. Hensick Anthony Stewart 60 1 2 2
2 Brad Richardson Daniel Paille 40 1 2 2
Penalty Kill 4 Players Defense
Defense Defense Time % Phy DF OF
1 Kyle Cumiskey Doug Janik 60 1 2 2
2 Anton Babchuk Peter Harrold 40 1 2 2
Penalty Kill - 3 Players Forward
Forward Time % Phy DF OF
1 T.J. Hensick 60 1 2 2
2 Anthony Stewart 40 1 2 2
Penalty Kill - 3 Players Defense
Defense Defense Time % Phy DF OF
1 Kyle Cumiskey Doug Janik 60 1 2 2
2 Anton Babchuk Peter Harrold 40 1 2 2
4 vs 4 Forward
Center Wing Time % Phy DF OF
1 T.J. Hensick Anthony Stewart 60 1 2 2
2 Brad Richardson Daniel Paille 40 1 2 2
4 vs 4 Defense
Defense Defense Time % Phy DF OF
1 Kyle Cumiskey Doug Janik 60 1 2 2
2 Anton Babchuk Peter Harrold 40 1 2 2
Last Minutes Offensive
Center Left Wing Right Wing Defense Defense
T.J. Hensick Daniel Paille Anthony Stewart Kyle Cumiskey Doug Janik
Last Minutes Defensive
Center Left Wing Right Wing Defense Defense
T.J. Hensick Daniel Paille Anthony Stewart Kyle Cumiskey Doug Janik
Goaltenders
Starting : Brent Krahn
Backup : Chad Johnson
Extra Forwards
Normal : Darren Helm, Jordan LaVallee, Petr Vrana - PP : Darren Helm, Jordan LaVallee - PK : Petr Vrana
Extra Defensemen
Normal : Andrew Campbell, Robert Bortuzzo, Anton Babchuk - PP : Andrew Campbell - PK : Robert Bortuzzo, Anton Babchuk
Penalty Shots
T.J. Hensick, Anthony Stewart, Brad Richardson, Daniel Paille, Samuel Pahlsson
% Time on Ice - Ice Dragons
Lines # - Real PCT - Wanted PCT - Time Play
Normal Forward
1 - 34% - 40% - 14:47
2 - 30% - 30% - 13:07
3 - 19% - 20% - 8:04
4 - 17% - 10% - 7:12
Normal Defense
1 - 44% - 40% - 19:01
2 - 28% - 30% - 12:11
3 - 25% - 20% - 10:40
4 - 3% - 10% - 1:18
PP Forward
1 - 56% - 60% - 2:46
2 - 44% - 40% - 2:10
PP Defense
1 - 58% - 60% - 2:53
2 - 42% - 40% - 2:03
PK Forward
1 - 69% - 60% - 7:32
2 - 31% - 40% - 3:21
PK Defense
1 - 60% - 60% - 6:35
2 - 40% - 40% - 4:18
PK3 Forward
1 - 0% - 60%
2 - 0% - 40%
PK3 Defense
1 - 0% - 60%
2 - 0% - 40%
44 Forward
1 - 100% - 60% - 1:01
2 - 0% - 40% - 0:00
44 Defense
1 - 100% - 60% - 1:01
2 - 0% - 40% - 0:00
Last Minute Offensive - 0:00
Last Minute Defensive - 0:00
Total
Forward - 60:00
Defense - 60:00
|
% Time on Ice - Demolitions
Lines # - Real PCT - Wanted PCT - Time Play
Normal Forward
1 - 34% - 40% - 14:35
2 - 28% - 30% - 12:02
3 - 22% - 20% - 9:19
4 - 17% - 10% - 7:14
Normal Defense
1 - 40% - 40% - 17:25
2 - 31% - 30% - 13:23
3 - 26% - 20% - 11:24
4 - 2% - 10% - 0:58
PP Forward
1 - 57% - 60% - 6:14
2 - 43% - 40% - 4:39
PP Defense
1 - 57% - 60% - 6:10
2 - 43% - 40% - 4:43
PK Forward
1 - 90% - 60% - 4:27
2 - 10% - 40% - 0:29
PK Defense
1 - 50% - 60% - 2:29
2 - 50% - 40% - 2:27
PK3 Forward
1 - 0% - 60%
2 - 0% - 40%
PK3 Defense
1 - 0% - 60%
2 - 0% - 40%
44 Forward
1 - 100% - 60% - 1:01
2 - 0% - 40% - 0:00
44 Defense
1 - 100% - 60% - 1:01
2 - 0% - 40% - 0:00
Last Minute Offensive - 0:00
Last Minute Defensive - 0:00
Total
Forward - 60:00
Defense - 60:00
|
Play by Play
1st period
0:01 of 1st period - T.J. Hensick wins face-off versus Patrick O'Sullivan in neutral zone.
0:55 of 1st period - Slapshot by Jordan LaVallee.
0:55 of 1st period - Shot Blocked by Mats Zuccarello.
0:57 of 1st period - Snap shot by Kyle Cumiskey.
0:57 of 1st period - Shot Misses the Net.
1:23 of 1st period - Tyler Eckford is hit by Spencer Machacek and loses puck.
1:51 of 1st period - Peter Harrold is hit by John Mitchell and loses puck.
2:52 of 1st period - Snap shot by John Mitchell.
2:52 of 1st period - Deflect By Bryan Bickell.
2:52 of 1st period - Shot Blocked by Peter Harrold.
2:52 of 1st period - Puck is out of play.
2:53 of 1st period - Patrick O'Sullivan wins face-off versus T.J. Hensick in Demolitions zone.
3:14 of 1st period - Minor Penalty to Brayden McNabb for Hooking.
3:15 of 1st period - Mats Zuccarello wins face-off versus T.J. Hensick in Ice Dragons zone.
3:27 of 1st period - Off-side.
3:28 of 1st period - Daniel Paille wins face-off versus Mats Zuccarello in neutral zone.
3:59 of 1st period - Snap shot by Bobby Butler.
3:59 of 1st period - Stopped by Justin Pogge without a rebound.
4:00 of 1st period - Shean Donovan wins face-off versus T.J. Hensick in Ice Dragons zone.
4:25 of 1st period - Brad Richardson is hit by Shean Donovan and loses puck.
5:14 of 1st period - Penalty to Brayden McNabb is over, Brayden McNabb is back on ice.
5:22 of 1st period - Snap shot by Darren Helm.
5:22 of 1st period - Goal by Darren Helm - Ice Dragons : 0 - Demolitions : 1.
5:23 of 1st period - T.J. Hensick wins face-off versus Patrick O'Sullivan in neutral zone.
5:27 of 1st period - Icing by Kevin Klein.
5:28 of 1st period - T.J. Hensick wins face-off versus Patrick O'Sullivan in Ice Dragons zone.
5:29 of 1st period - Wrist shot by Anthony Stewart.
5:29 of 1st period - Shot Misses the Net.
5:35 of 1st period - Snap shot by Jeff Tambellini.
5:35 of 1st period - Stopped by Brent Krahn without a rebound.
5:36 of 1st period - T.J. Hensick wins face-off versus Kris Beech in Demolitions zone.
6:03 of 1st period - Alexander Radulov is hit by Brad Richardson.
6:29 of 1st period - Wrist shot by Konstantin Pushkarev.
6:29 of 1st period - Shot Misses the Net.
6:45 of 1st period - Nigel Dawes is hit by Anthony Stewart and loses puck.
6:50 of 1st period - Snap shot by T.J. Hensick.
6:50 of 1st period - Shot Misses the Net.
6:52 of 1st period - Snap shot by Daniel Paille.
6:52 of 1st period - Shot Misses the Net.
6:54 of 1st period - Wrist shot by Daniel Paille.
6:54 of 1st period - Stopped by Justin Pogge with a rebound.
7:04 of 1st period - Andrew Campbell is hit by Danny Syvret and loses puck.
7:29 of 1st period - Shean Donovan is hit by Bobby Butler and loses puck.
7:54 of 1st period - Wrist shot by Niklas Sundstrom.
7:54 of 1st period - Stopped by Brent Krahn without a rebound.
7:55 of 1st period - T.J. Hensick wins face-off versus Alexander Radulov in Demolitions zone.
8:10 of 1st period - Boris Valabik is hit by T.J. Hensick and loses puck.
8:28 of 1st period - Slapshot by Niklas Sundstrom.
8:28 of 1st period - Deflect By T.J. Hensick.
8:28 of 1st period - Shot Misses the Net.
8:28 of 1st period - Puck is out of play.
8:29 of 1st period - Samuel Pahlsson wins face-off versus Marc-Antoine Pouliot in Demolitions zone.
9:19 of 1st period - T.J. Hensick is hit by Boris Valabik.
10:29 of 1st period - Doug Janik is hit by Boris Valabik and loses puck.
10:48 of 1st period - Snap shot by Jeff Tambellini.
10:48 of 1st period - Stopped by Brent Krahn with a rebound.
11:08 of 1st period - Wrist shot by Anthony Stewart.
11:08 of 1st period - Stopped by Justin Pogge with a rebound.
11:12 of 1st period - Wrist shot by T.J. Hensick.
11:12 of 1st period - Stopped by Justin Pogge without a rebound.
11:13 of 1st period - Cal Clutterbuck wins face-off versus T.J. Hensick in Ice Dragons zone.
11:20 of 1st period - Snap shot by Boris Valabik.
11:20 of 1st period - Stopped by Brent Krahn with a rebound.
11:22 of 1st period - Slapshot by Kevin Klein.
11:22 of 1st period - Shot Misses the Net.
11:24 of 1st period - Wrist shot by Boris Valabik.
11:24 of 1st period - Deflect By Cal Clutterbuck.
11:24 of 1st period - Shot Misses the Net.
11:24 of 1st period - Puck is out of play.
11:25 of 1st period - Kris Beech wins face-off versus T.J. Hensick in Demolitions zone.
11:40 of 1st period - Slapshot by Nigel Dawes.
11:40 of 1st period - Stopped by Brent Krahn without a rebound.
11:41 of 1st period - Patrick O'Sullivan wins face-off versus Samuel Pahlsson in Demolitions zone.
13:29 of 1st period - Slapshot by Petr Vrana.
13:29 of 1st period - Shot Misses the Net.
13:43 of 1st period - Snap shot by Shean Donovan.
13:43 of 1st period - Deflect By Niklas Sundstrom.
13:43 of 1st period - Shot Misses the Net.
13:43 of 1st period - Puck is out of play.
13:44 of 1st period - Samuel Pahlsson wins face-off versus Marc-Antoine Pouliot in Demolitions zone.
13:44 of 1st period - Samuel Pahlsson is hit by Mats Zuccarello.
13:52 of 1st period - Backhand shot by Niklas Sundstrom.
13:52 of 1st period - Stopped by Brent Krahn with a rebound.
14:10 of 1st period - Doug Janik is hit by Jeff Tambellini and loses puck.
14:19 of 1st period - Wrist shot by T.J. Hensick.
14:19 of 1st period - Stopped by Justin Pogge with a rebound.
14:29 of 1st period - Wrist shot by Spencer Machacek.
14:29 of 1st period - Shot Misses the Net.
14:31 of 1st period - Slapshot by Robert Bortuzzo.
14:31 of 1st period - Stopped by Justin Pogge without a rebound.
14:32 of 1st period - Kris Beech wins face-off versus Corban Knight in Ice Dragons zone.
14:39 of 1st period - Snap shot by Nigel Dawes.
14:39 of 1st period - Shot Blocked by Petr Vrana.
15:24 of 1st period - Icing by Robert Bortuzzo.
15:25 of 1st period - Samuel Pahlsson wins face-off versus Kris Beech in Demolitions zone.
15:38 of 1st period - Wrist shot by Brad Richardson.
15:38 of 1st period - Shot Blocked by Nigel Dawes.
15:50 of 1st period - Snap shot by Bobby Butler.
15:50 of 1st period - Stopped by Justin Pogge with a rebound.
15:52 of 1st period - Slapshot by Samuel Pahlsson.
15:52 of 1st period - Shot Misses the Net.
16:07 of 1st period - Snap shot by Brad Richardson.
16:07 of 1st period - Stopped by Justin Pogge with a rebound.
16:09 of 1st period - Slapshot by Brad Richardson.
16:09 of 1st period - Shot Hit the Post.
16:19 of 1st period - Snap shot by Brad Richardson.
16:19 of 1st period - Stopped by Justin Pogge with a rebound.
16:21 of 1st period - Slapshot by Samuel Pahlsson.
16:21 of 1st period - Shot Misses the Net.
16:23 of 1st period - Slapshot by Brad Richardson.
16:23 of 1st period - Deflect By Samuel Pahlsson.
16:23 of 1st period - Stopped by Justin Pogge without a rebound.
16:24 of 1st period - Patrick O'Sullivan wins face-off versus T.J. Hensick in Ice Dragons zone.
16:26 of 1st period - Minor Penalty to Jeff Tambellini for Holding.
16:27 of 1st period - Shean Donovan wins face-off versus T.J. Hensick in Ice Dragons zone.
18:26 of 1st period - Penalty to Jeff Tambellini is over, Jeff Tambellini is back on ice.
18:41 of 1st period - Minor Penalty to Spencer Machacek for Hooking.
18:42 of 1st period - T.J. Hensick wins face-off versus Patrick O'Sullivan in Demolitions zone.
19:12 of 1st period - Anton Babchuk is hit by Kris Beech and loses puck.
19:36 of 1st period - Snap shot by Brad Richardson.
19:36 of 1st period - Stopped by Justin Pogge without a rebound.
19:37 of 1st period - Nigel Dawes wins face-off versus Brad Richardson in Ice Dragons zone.
19:39 of 1st period - Minor Penalty to Cal Clutterbuck for Tripping.
19:40 of 1st period - Kris Beech wins face-off versus T.J. Hensick in Ice Dragons zone.
19:40 of 1st period - Kris Beech is hit by Kyle Cumiskey.
19:45 of 1st period - Snap shot by Boris Valabik.
19:45 of 1st period - Stopped by Brent Krahn with a rebound.
Goals for this period are 0 for Ice Dragons vs 1 for Demolitions.
Shots for this period are 7 for Ice Dragons vs 12 for Demolitions.
2nd period
0:01 of 2nd period - Kris Beech wins face-off versus T.J. Hensick in neutral zone.
0:04 of 2nd period - Slapshot by Kris Beech.
0:04 of 2nd period - Shot Misses the Net.
0:16 of 2nd period - Wrist shot by Anthony Stewart.
0:16 of 2nd period - Goal by Anthony Stewart - Ice Dragons : 0 - Demolitions : 2.
0:17 of 2nd period - Kris Beech wins face-off versus T.J. Hensick in neutral zone.
0:22 of 2nd period - Wrist shot by Kris Beech.
0:22 of 2nd period - Stopped by Brent Krahn without a rebound.
0:23 of 2nd period - T.J. Hensick wins face-off versus Kris Beech in Demolitions zone.
0:41 of 2nd period - Penalty to Spencer Machacek is over, Spencer Machacek is back on ice.
0:58 of 2nd period - Wrist shot by Samuel Pahlsson.
0:58 of 2nd period - Stopped by Justin Pogge with a rebound.
1:39 of 2nd period - Penalty to Cal Clutterbuck is over, Cal Clutterbuck is back on ice.
1:48 of 2nd period - Wrist shot by Jordan LaVallee.
1:48 of 2nd period - Stopped by Justin Pogge without a rebound.
1:49 of 2nd period - Kris Beech wins face-off versus Darren Helm in Ice Dragons zone.
1:58 of 2nd period - Snap shot by Darren Helm.
1:58 of 2nd period - Deflect By Jordan LaVallee.
1:58 of 2nd period - Stopped by Justin Pogge with a rebound.
2:00 of 2nd period - Snap shot by Jordan LaVallee.
2:00 of 2nd period - Shot Blocked by Nigel Dawes.
2:02 of 2nd period - Snap shot by Konstantin Pushkarev.
2:02 of 2nd period - Shot Misses the Net.
2:04 of 2nd period - Slapshot by Andrew Campbell.
2:04 of 2nd period - Deflect By Jordan LaVallee.
2:04 of 2nd period - Shot Blocked by Nigel Dawes.
2:04 of 2nd period - Puck is out of play.
2:05 of 2nd period - T.J. Hensick wins face-off versus Patrick O'Sullivan in Ice Dragons zone.
2:17 of 2nd period - Minor Penalty to Boris Valabik for Hooking.
2:18 of 2nd period - Anthony Stewart wins face-off versus Shean Donovan in Ice Dragons zone.
4:17 of 2nd period - Penalty to Boris Valabik is over, Boris Valabik is back on ice.
4:21 of 2nd period - Jeff Tambellini is hit by Jordan LaVallee and loses puck.
4:30 of 2nd period - Snap shot by Konstantin Pushkarev.
4:30 of 2nd period - Deflect By Boris Valabik.
4:30 of 2nd period - Stopped by Justin Pogge without a rebound.
4:31 of 2nd period - Darren Helm wins face-off versus Kris Beech in Ice Dragons zone.
4:38 of 2nd period - Snap shot by Kris Beech.
4:38 of 2nd period - Stopped by Brent Krahn with a rebound.
5:02 of 2nd period - Snap shot by Patrick O'Sullivan.
5:02 of 2nd period - Shot Misses the Net.
5:04 of 2nd period - Snap shot by Jeff Tambellini.
5:04 of 2nd period - Stopped by Brent Krahn with a rebound.
5:06 of 2nd period - Snap shot by Brayden McNabb.
5:06 of 2nd period - Deflect By Patrick O'Sullivan.
5:06 of 2nd period - Stopped by Brent Krahn without a rebound.
5:07 of 2nd period - T.J. Hensick wins face-off versus Patrick O'Sullivan in Demolitions zone.
5:20 of 2nd period - Slapshot by Patrick O'Sullivan.
5:20 of 2nd period - Stopped by Brent Krahn with a rebound.
5:22 of 2nd period - Wrist shot by Alexander Radulov.
5:22 of 2nd period - Shot Misses the Net.
5:59 of 2nd period - Icing by Mats Zuccarello.
6:00 of 2nd period - T.J. Hensick wins face-off versus Marc-Antoine Pouliot in Ice Dragons zone.
6:01 of 2nd period - Snap shot by Doug Janik.
6:01 of 2nd period - Stopped by Justin Pogge with a rebound.
6:25 of 2nd period - Doug Janik is hit by Jeff Tambellini and loses puck.
6:44 of 2nd period - Doug Janik is hit by Boris Valabik and loses puck.
7:09 of 2nd period - Doug Janik is hit by Kris Beech and loses puck.
7:16 of 2nd period - Slapshot by Darren Helm.
7:16 of 2nd period - Stopped by Justin Pogge without a rebound.
7:17 of 2nd period - Patrick O'Sullivan wins face-off versus T.J. Hensick in Ice Dragons zone.
7:56 of 2nd period - Slapshot by Daniel Paille.
7:56 of 2nd period - Shot Misses the Net.
8:00 of 2nd period - Snap shot by Daniel Paille.
8:00 of 2nd period - Stopped by Justin Pogge with a rebound.
8:04 of 2nd period - Wrist shot by Daniel Paille.
8:04 of 2nd period - Goal by Daniel Paille - Ice Dragons : 0 - Demolitions : 3.
8:05 of 2nd period - Patrick O'Sullivan wins face-off versus Samuel Pahlsson in neutral zone.
8:10 of 2nd period - Snap shot by Patrick O'Sullivan.
8:10 of 2nd period - Shot Misses the Net.
8:12 of 2nd period - Snap shot by Jeff Tambellini.
8:12 of 2nd period - Shot Misses the Net.
8:14 of 2nd period - Wrist shot by Jeff Tambellini.
8:14 of 2nd period - Shot Misses the Net.
8:57 of 2nd period - Wrist shot by T.J. Hensick.
8:57 of 2nd period - Stopped by Justin Pogge without a rebound.
8:58 of 2nd period - Patrick O'Sullivan wins face-off versus T.J. Hensick in Ice Dragons zone.
9:46 of 2nd period - Icing by Cal Clutterbuck.
9:47 of 2nd period - Jordan LaVallee wins face-off versus Marc-Antoine Pouliot in Ice Dragons zone.
9:56 of 2nd period - Snap shot by Mats Zuccarello.
9:56 of 2nd period - Deflect By Niklas Sundstrom.
9:56 of 2nd period - Shot Misses the Net.
9:56 of 2nd period - Puck is out of play.
9:57 of 2nd period - T.J. Hensick wins face-off versus Patrick O'Sullivan in Demolitions zone.
10:05 of 2nd period - Minor Penalty to Jeff Tambellini for Holding.
10:06 of 2nd period - T.J. Hensick wins face-off versus Shean Donovan in Ice Dragons zone.
10:16 of 2nd period - Wrist shot by Daniel Paille.
10:16 of 2nd period - Deflect By Shean Donovan.
10:16 of 2nd period - Stopped by Justin Pogge without a rebound.
10:17 of 2nd period - T.J. Hensick wins face-off versus Shean Donovan in Ice Dragons zone.
12:05 of 2nd period - Penalty to Jeff Tambellini is over, Jeff Tambellini is back on ice.
12:06 of 2nd period - Kevin Klein is hit by Anton Babchuk and loses puck.
12:17 of 2nd period - Slapshot by Boris Valabik.
12:17 of 2nd period - Shot Misses the Net.
12:19 of 2nd period - Slapshot by Boris Valabik.
12:19 of 2nd period - Stopped by Brent Krahn without a rebound.
12:20 of 2nd period - Kris Beech wins face-off versus Darren Helm in Demolitions zone.
12:47 of 2nd period - Snap shot by Jordan LaVallee.
12:47 of 2nd period - Stopped by Justin Pogge with a rebound.
12:49 of 2nd period - Snap shot by Darren Helm.
12:49 of 2nd period - Deflect By Kris Beech.
12:49 of 2nd period - Shot Misses the Net.
12:49 of 2nd period - Puck is out of play.
12:50 of 2nd period - T.J. Hensick wins face-off versus Patrick O'Sullivan in Ice Dragons zone.
13:15 of 2nd period - Samuel Pahlsson is hit by Marc-Antoine Pouliot and loses puck.
13:44 of 2nd period - Snap shot by Kris Beech.
13:44 of 2nd period - Stopped by Brent Krahn without a rebound.
13:45 of 2nd period - T.J. Hensick wins face-off versus Patrick O'Sullivan in Demolitions zone.
13:50 of 2nd period - Slapshot by Peter Harrold.
13:50 of 2nd period - Stopped by Justin Pogge without a rebound.
13:51 of 2nd period - T.J. Hensick wins face-off versus Patrick O'Sullivan in Ice Dragons zone.
13:56 of 2nd period - Wrist shot by Daniel Paille.
13:56 of 2nd period - Stopped by Justin Pogge with a rebound.
14:02 of 2nd period - Wrist shot by Jeff Tambellini.
14:02 of 2nd period - Stopped by Brent Krahn without a rebound.
14:03 of 2nd period - Patrick O'Sullivan wins face-off versus T.J. Hensick in Demolitions zone.
14:18 of 2nd period - Wrist shot by Patrick O'Sullivan.
14:18 of 2nd period - Shot Misses the Net.
14:50 of 2nd period - Backhand shot by Shean Donovan.
14:50 of 2nd period - Shot Hit the Post.
15:17 of 2nd period - Minor Penalty to John Mitchell for Hooking.
15:18 of 2nd period - T.J. Hensick wins face-off versus Shean Donovan in Ice Dragons zone.
15:53 of 2nd period - Brad Richardson is hit by Boris Valabik and loses puck.
16:09 of 2nd period - Slapshot by Jeff Tambellini.
16:09 of 2nd period - Shot Misses the Net.
16:29 of 2nd period - Daniel Paille is hit by Jeff Tambellini and loses puck.
17:17 of 2nd period - Penalty to John Mitchell is over, John Mitchell is back on ice.
17:49 of 2nd period - Slapshot by Jordan LaVallee.
17:49 of 2nd period - Stopped by Justin Pogge with a rebound.
17:51 of 2nd period - Snap shot by Jordan LaVallee.
17:51 of 2nd period - Shot Blocked by Brayden McNabb.
18:05 of 2nd period - Slapshot by Jonathan Blum.
18:05 of 2nd period - Stopped by Brent Krahn without a rebound.
18:06 of 2nd period - Kris Beech wins face-off versus Corban Knight in Demolitions zone.
18:25 of 2nd period - Slapshot by Tyler Eckford.
18:25 of 2nd period - Stopped by Brent Krahn with a rebound.
18:27 of 2nd period - Slapshot by Danny Syvret.
18:27 of 2nd period - Deflect By Mats Zuccarello.
18:27 of 2nd period - Goal by Mats Zuccarello - Ice Dragons : 1 - Demolitions : 3.
18:28 of 2nd period - Patrick O'Sullivan wins face-off versus T.J. Hensick in neutral zone.
18:41 of 2nd period - Alexander Radulov is hit by T.J. Hensick and loses puck.
19:04 of 2nd period - Wrist shot by Nigel Dawes.
19:04 of 2nd period - Shot Misses the Net.
19:14 of 2nd period - Slapshot by Brad Richardson.
19:14 of 2nd period - Shot Misses the Net.
19:48 of 2nd period - Snap shot by John Mitchell.
19:48 of 2nd period - Shot Blocked by Doug Janik.
19:57 of 2nd period - Doug Janik is hit by Brayden McNabb and loses puck.
Goals for this period are 1 for Ice Dragons vs 2 for Demolitions.
Shots for this period are 11 for Ice Dragons vs 15 for Demolitions.
3rd period
0:01 of 3rd period - T.J. Hensick wins face-off versus Patrick O'Sullivan in neutral zone.
0:06 of 3rd period - Slapshot by Anthony Stewart.
0:06 of 3rd period - Stopped by Justin Pogge without a rebound.
0:07 of 3rd period - T.J. Hensick wins face-off versus Patrick O'Sullivan in Ice Dragons zone.
0:12 of 3rd period - Wrist shot by T.J. Hensick.
0:12 of 3rd period - Shot Blocked by Kevin Klein.
0:29 of 3rd period - Minor Penalty to Kyle Cumiskey for High sticking.
0:30 of 3rd period - Jeff Tambellini wins face-off versus T.J. Hensick in Demolitions zone.
2:29 of 3rd period - Penalty to Kyle Cumiskey is over, Kyle Cumiskey is back on ice.
2:38 of 3rd period - Mats Zuccarello is hit by Samuel Pahlsson and loses puck.
2:58 of 3rd period - Brayden McNabb is hit by Jordan LaVallee and loses puck.
3:18 of 3rd period - Snap shot by Spencer Machacek.
3:18 of 3rd period - Shot Misses the Net.
3:29 of 3rd period - Petr Vrana is hit by Bryan Bickell.
3:37 of 3rd period - Wrist shot by Shean Donovan.
3:37 of 3rd period - Stopped by Brent Krahn with a rebound.
3:39 of 3rd period - Slapshot by Jonathan Blum.
3:39 of 3rd period - Shot Blocked by Anton Babchuk.
4:06 of 3rd period - Slapshot by Jordan LaVallee.
4:06 of 3rd period - Deflect By Konstantin Pushkarev.
4:06 of 3rd period - Shot Misses the Net.
4:06 of 3rd period - Puck is out of play.
4:07 of 3rd period - Darren Helm wins face-off versus Kris Beech in Ice Dragons zone.
5:08 of 3rd period - Wrist shot by Darren Helm.
5:08 of 3rd period - Shot Misses the Net.
5:10 of 3rd period - Slapshot by Kyle Cumiskey.
5:10 of 3rd period - Shot Misses the Net.
5:12 of 3rd period - Slapshot by Kyle Cumiskey.
5:12 of 3rd period - Deflect By Darren Helm.
5:12 of 3rd period - Stopped by Justin Pogge with a rebound.
5:17 of 3rd period - Icing by Boris Valabik.
5:18 of 3rd period - T.J. Hensick wins face-off versus Kris Beech in Ice Dragons zone.
5:21 of 3rd period - Wrist shot by Daniel Paille.
5:21 of 3rd period - Stopped by Justin Pogge with a rebound.
5:23 of 3rd period - Snap shot by Anthony Stewart.
5:23 of 3rd period - Shot Misses the Net.
5:31 of 3rd period - Backhand shot by Daniel Paille.
5:31 of 3rd period - Shot Blocked by Kris Beech.
5:33 of 3rd period - Wrist shot by T.J. Hensick.
5:33 of 3rd period - Stopped by Justin Pogge with a rebound.
6:10 of 3rd period - Slapshot by Tyler Eckford.
6:10 of 3rd period - Stopped by Brent Krahn without a rebound.
6:11 of 3rd period - Corban Knight wins face-off versus Patrick O'Sullivan in Demolitions zone.
6:24 of 3rd period - Snap shot by Tyler Eckford.
6:24 of 3rd period - Stopped by Brent Krahn with a rebound.
6:30 of 3rd period - Patrick O'Sullivan is hit by Kyle Cumiskey and loses puck.
6:41 of 3rd period - Wrist shot by Petr Vrana.
6:41 of 3rd period - Shot Blocked by Tyler Eckford.
6:43 of 3rd period - Wrist shot by Spencer Machacek.
6:43 of 3rd period - Stopped by Justin Pogge without a rebound.
6:44 of 3rd period - T.J. Hensick wins face-off versus Marc-Antoine Pouliot in Ice Dragons zone.
7:27 of 3rd period - Icing by Bobby Butler.
7:28 of 3rd period - Patrick O'Sullivan wins face-off versus Samuel Pahlsson in Demolitions zone.
8:21 of 3rd period - Wrist shot by Darren Helm.
8:21 of 3rd period - Stopped by Justin Pogge with a rebound.
8:23 of 3rd period - Snap shot by Andrew Campbell.
8:23 of 3rd period - Shot Blocked by Danny Syvret.
8:25 of 3rd period - Backhand shot by Konstantin Pushkarev.
8:25 of 3rd period - Goal by Konstantin Pushkarev - Ice Dragons : 1 - Demolitions : 4.
8:26 of 3rd period - Daniel Paille wins face-off versus Patrick O'Sullivan in neutral zone.
8:29 of 3rd period - Snap shot by T.J. Hensick.
8:29 of 3rd period - Shot Misses the Net.
8:31 of 3rd period - Snap shot by T.J. Hensick.
8:31 of 3rd period - Goal by T.J. Hensick - Ice Dragons : 1 - Demolitions : 5.
8:32 of 3rd period - T.J. Hensick wins face-off versus Patrick O'Sullivan in neutral zone.
8:45 of 3rd period - Snap shot by Daniel Paille.
8:45 of 3rd period - Deflect By Jeff Tambellini.
8:45 of 3rd period - Shot Misses the Net.
8:45 of 3rd period - Puck is out of play.
8:46 of 3rd period - Patrick O'Sullivan wins face-off versus T.J. Hensick in Ice Dragons zone.
9:11 of 3rd period - Kyle Cumiskey is hit by Kevin Klein and loses puck.
9:16 of 3rd period - Wrist shot by Kris Beech.
9:16 of 3rd period - Shot Misses the Net.
9:18 of 3rd period - Wrist shot by Tyler Eckford.
9:18 of 3rd period - Shot Blocked by Doug Janik.
9:20 of 3rd period - Wrist shot by Danny Syvret.
9:20 of 3rd period - Stopped by Brent Krahn with a rebound.
9:22 of 3rd period - Slapshot by Tyler Eckford.
9:22 of 3rd period - Shot Blocked by Brad Richardson.
10:25 of 3rd period - Slapshot by John Mitchell.
10:25 of 3rd period - Shot Misses the Net.
10:31 of 3rd period - Bryan Bickell is hit by Corban Knight and loses puck.
10:42 of 3rd period - Brad Richardson is hit by Kevin Klein and loses puck.
11:08 of 3rd period - T.J. Hensick is hit by Marc-Antoine Pouliot and loses puck.
11:25 of 3rd period - Snap shot by Jeff Tambellini.
11:25 of 3rd period - Shot Misses the Net.
11:40 of 3rd period - Icing by Andrew Campbell.
11:41 of 3rd period - Kris Beech wins face-off versus Konstantin Pushkarev in Demolitions zone.
11:44 of 3rd period - Snap shot by Nigel Dawes.
11:44 of 3rd period - Shot Misses the Net.
11:46 of 3rd period - Slapshot by Tyler Eckford.
11:46 of 3rd period - Shot Misses the Net.
11:48 of 3rd period - Wrist shot by Nigel Dawes.
11:48 of 3rd period - Stopped by Brent Krahn without a rebound.
11:49 of 3rd period - Kris Beech wins face-off versus T.J. Hensick in Demolitions zone.
11:50 of 3rd period - Snap shot by Cal Clutterbuck.
11:50 of 3rd period - Stopped by Brent Krahn without a rebound.
11:51 of 3rd period - Kris Beech wins face-off versus T.J. Hensick in Demolitions zone.
11:56 of 3rd period - Wrist shot by Nigel Dawes.
11:56 of 3rd period - Stopped by Brent Krahn with a rebound.
11:58 of 3rd period - Wrist shot by Kris Beech.
11:58 of 3rd period - Stopped by Brent Krahn with a rebound.
12:00 of 3rd period - Slapshot by Kevin Klein.
12:00 of 3rd period - Stopped by Brent Krahn with a rebound.
12:02 of 3rd period - Snap shot by Cal Clutterbuck.
12:02 of 3rd period - Stopped by Brent Krahn with a rebound.
12:04 of 3rd period - Slapshot by Kevin Klein.
12:04 of 3rd period - Stopped by Brent Krahn without a rebound.
12:05 of 3rd period - T.J. Hensick wins face-off versus Patrick O'Sullivan in Demolitions zone.
12:18 of 3rd period - Wrist shot by T.J. Hensick.
12:18 of 3rd period - Shot Misses the Net.
12:20 of 3rd period - Slapshot by T.J. Hensick.
12:20 of 3rd period - Stopped by Justin Pogge without a rebound.
12:21 of 3rd period - Kris Beech wins face-off versus Samuel Pahlsson in Ice Dragons zone.
12:34 of 3rd period - Wrist shot by Nigel Dawes.
12:34 of 3rd period - Stopped by Brent Krahn with a rebound.
12:36 of 3rd period - Snap shot by Nigel Dawes.
12:36 of 3rd period - Stopped by Brent Krahn with a rebound.
12:52 of 3rd period - Snap shot by Niklas Sundstrom.
12:52 of 3rd period - Stopped by Brent Krahn with a rebound.
12:59 of 3rd period - Off-side.
13:00 of 3rd period - T.J. Hensick wins face-off versus Patrick O'Sullivan in neutral zone.
13:06 of 3rd period - Off-side.
13:07 of 3rd period - T.J. Hensick wins face-off versus Patrick O'Sullivan in neutral zone.
13:30 of 3rd period - Wrist shot by Alexander Radulov.
13:30 of 3rd period - Goal by Alexander Radulov - Ice Dragons : 2 - Demolitions : 5.
13:31 of 3rd period - Patrick O'Sullivan wins face-off versus T.J. Hensick in neutral zone.
14:21 of 3rd period - Mats Zuccarello is hit by Konstantin Pushkarev.
14:39 of 3rd period - John Mitchell is hit by Spencer Machacek and loses puck.
14:50 of 3rd period - Snap shot by Spencer Machacek.
14:50 of 3rd period - Shot Blocked by Jonathan Blum.
14:52 of 3rd period - Slapshot by Petr Vrana.
14:52 of 3rd period - Stopped by Justin Pogge with a rebound.
15:06 of 3rd period - Anthony Stewart is hit by Patrick O'Sullivan and loses puck.
15:19 of 3rd period - Minor Penalty to T.J. Hensick for Holding.
15:20 of 3rd period - Petr Vrana wins face-off versus Alexander Radulov in Demolitions zone.
16:22 of 3rd period - Corban Knight is hit by Tyler Eckford and loses puck.
17:19 of 3rd period - Penalty to T.J. Hensick is over, T.J. Hensick is back on ice.
17:19 of 3rd period - Peter Harrold is hit by Niklas Sundstrom and loses puck.
17:35 of 3rd period - Icing by Darren Helm.
17:36 of 3rd period - Marc-Antoine Pouliot wins face-off versus Darren Helm in Demolitions zone.
17:41 of 3rd period - Wrist shot by Niklas Sundstrom.
17:41 of 3rd period - Stopped by Brent Krahn with a rebound.
17:43 of 3rd period - Slapshot by Jonathan Blum.
17:43 of 3rd period - Shot Misses the Net.
17:45 of 3rd period - Snap shot by Mats Zuccarello.
17:45 of 3rd period - Stopped by Brent Krahn without a rebound.
17:46 of 3rd period - T.J. Hensick wins face-off versus Patrick O'Sullivan in Demolitions zone.
17:59 of 3rd period - Snap shot by Daniel Paille.
17:59 of 3rd period - Shot Blocked by Brayden McNabb.
18:01 of 3rd period - Slapshot by Doug Janik.
18:01 of 3rd period - Shot Misses the Net.
18:11 of 3rd period - Jeff Tambellini is hit by Petr Vrana and loses puck.
19:50 of 3rd period - Off-side.
19:51 of 3rd period - T.J. Hensick wins face-off versus Patrick O'Sullivan in neutral zone.
Goals for this period are 1 for Ice Dragons vs 2 for Demolitions.
Shots for this period are 17 for Ice Dragons vs 10 for Demolitions.
Output by the SimonT Hockey Simulator (STHS) for François Prévost -- Original Page W3C XHTML 1.0 Valid